 Dungeon Crawl Stone Soup version 0.30-a0-177-g1cb5dbfd7a (webtiles) character file.

Game seed: 15404672326223848297

239 brightshaft the Shooter (level 5, -1/45 HPs)
             Began as a Minotaur Hunter on Oct 2, 2022.
             Slain by a jackal (3 damage)
             ... on level 3 of the Dungeon.
             The game lasted 00:05:15 (2572 turns).

brightshaft the Shooter (Minotaur Hunter)           Turns: 2572, Time: 00:05:16

Health: -1/45      AC: -4    Str: 16    XL:     5   Next: 79%
Magic:  4/4        EV: 12    Int:  6    God:
Gold:   52         SH:  0    Dex: 15    Spells: 4/4 levels left

rFire   . . .      SeeInvis .    a - +0 shortbow
rCold   . . .      Faith    .    (shield currently unavailable)
rNeg    . . .      Spirit   .    c - +0 leather armour
rPois   .          Reflect  .    (helmet restricted)
rElec   .          Harm     .    (no cloak)
rCorr   .          Rampage  .    (no gloves)
Will    .....                    (no boots)
Stlth   +.........               (no amulet)
HPRegen 0.27/turn                (no ring)
MPRegen 0.09/turn                (no ring)

@: corroded
A: horns 2, retaliatory headbutt
a: no special abilities


You were on level 3 of the Dungeon.
You visited 1 branch of the dungeon, and saw 4 of its levels.

You collected 52 gold pieces.

Inventory:

Hand Weapons
 a - a +0 shortbow (weapon)
Missiles
 f - 3 boomerangs
 q - 2 throwing nets
Armour
 c - a +0 leather armour (worn)
 m - a +0 ring mail
Scrolls
 b - a scroll of immolation
 d - a scroll of magic mapping {unknown}
 e - a scroll of enchant weapon {unknown}
 g - 3 scrolls of blinking {unknown}
 h - a scroll of teleportation {unknown}
 i - a scroll of silence {unknown}
 n - 2 scrolls of identify {unknown}
Potions
 j - 2 potions of brilliance {unknown}
 k - a potion of berserk rage {unknown}
 l - a potion of heal wounds {unknown}
 o - a potion of attraction {unknown}
 p - a potion of cancellation {unknown}


   Skills:
 + Level 3.5 Fighting
 * Level 6.7 Ranged Weapons
 + Level 2.1 Armour
 + Level 3.1 Dodging
 - Level 0.7 Stealth


You had 4 spell levels left.
You didn't know any spells.
Your spell library contained the following spells:

 Spells                   Type           Power      Damage    Failure   Level
 Shock                    Conj/Air       0%         1d3       52%         1
 Swiftness                Air            0%         N/A       88%         3
 Airstrike                Air            0%         2d(0-16)  99%         4


Dungeon Overview and Level Annotations

Branches:
Dungeon (4/15)
 Temple: D:4-7

Altars:

Shops:
D:2 ?


Innate Abilities, Weirdness & Mutations

You have a pair of horns on your head.
You reflexively headbutt those who attack you in melee.


Message History

The jelly is severely wounded.
The jelly hits you. The acid corrodes you!
You are splashed with acid!
The jackal closely misses you. x2; The jelly barely misses you.
You furiously retaliate!
You headbutt the jelly, but do no damage.
You are too injured to fight recklessly!
You are too injured to fight recklessly!
You are too injured to fight recklessly!
You are too injured to fight recklessly!
The jackal barely misses you. x2
The jelly hits you.
You are splashed with acid!
There is a stone staircase leading up here.
The jackal bites you. The jelly closely misses you.
You climb upwards.
There is a stone staircase leading down here.
You shoot an arrow. The arrow misses the jackal.
The jackal closely misses you. x2
The jackal bites you. The jackal barely misses you. The jelly hits you.
* * * LOW HITPOINT WARNING * * *
You are splashed with acid.
* * * LOW HITPOINT WARNING * * *
You shoot an arrow.
The arrow hits the jackal but does no damage.
The jackal bites you.
* * * LOW HITPOINT WARNING * * *
The jackal closely misses you. You furiously retaliate!
You headbutt the jackal. The jelly misses you. The jackal closely misses you.
The jackal barely misses you. You furiously retaliate!
You headbutt the jackal, but do no damage.
You shoot an arrow. The arrow hits the jelly.
The jelly is severely wounded.
The jackal bites you.
* * * LOW HITPOINT WARNING * * *
The jackal bites you.
* * * LOW HITPOINT WARNING * * *
The jelly misses you.
You shoot an arrow.
The arrow hits the jelly but does no damage.
The jelly is severely wounded.
The jackal bites you.
You die...

### ##### ########'## #....
#.........# #....
#########.#####...# #....
#.......#.#.......# #....
##.####.#.#.##.h..## #....
#.#..#.#.#..h@J...### #....
#.#..#.#.#.###.#....# ###..
#.#......#.........|# #..
#.##.....#.###......# #..
##.#......#.# #......##### #..
#...........# ##.........####..
####.####.######...............
#.# #............###.#...##
#.############....รท.......##


You could see a jelly and 2 jackals.

Vanquished Creatures
  A scorpion (D:4)
  2 orc priests (D:3)
  An orc wizard (D:3)
  2 adders
  A worm (D:3)
  3 orcs (D:3)
  3 ball pythons (D:1)
  6 bats
  7 endoplasms
  2 giant cockroaches
  6 goblins
  8 hobgoblins
  5 jackals
  4 kobolds
  2 quokkas (D:1)
  5 frilled lizards
  8 rats
66 creatures vanquished.

Vanquished Creatures (others)
  A fungus (D:2)
  2 plants (D:2)
3 creatures vanquished.

Grand Total: 69 creatures vanquished

Notes
Turn   | Place    | Note
-------+----------+-------------------------------------------
     0 | D:1      | brightshaft the Minotaur Hunter began the quest for the
                  | Orb.
     0 | D:1      | Reached XP level 1. HP: 18/18 MP: 0/0
   121 | D:1      | Reached XP level 2. HP: 25/25 MP: 1/1
   157 | D:1      | Reached skill level 5 in Ranged Weapons
   583 | D:1      | Reached XP level 3. HP: 30/30 MP: 2/2
   903 | D:2      | Found a faded altar of an unknown god.
  1122 | D:2      | Found Ysitsosk's Magic Scroll Shoppe.
  1717 | D:3      | Reached skill level 6 in Ranged Weapons
  1717 | D:3      | Reached XP level 4. HP: 27/37 MP: 3/3
  1814 | D:3      | Reached skill level 1 in Armour
  1820 | D:3      | Reached XP level 5. HP: 30/45 MP: 4/4
  2571 | D:3      | HP: 2/45 [jackal (3)]
  2572 | D:3      | Slain by a jackal

Illustrated notes

Levels and vault maps discovered:
D:1:      ncdulo_wetmaze, layout_loops_ring, minmay_misc_feat_five,
          bh_walls_and_bars
D:2:      layout_loops_ring, shapermc_ecumenical_altar_mp_urbaneastern,
          serial_shops, shop
D:3:      layout_basic
D:4:      layout_basic, ebering_ghost_gozag, minmay_circle_x, uniq_robin

Skill      XL: |  1  2  3  4  5 |
---------------+----------------+-----
Ranged Weapons | 5 6 |  6.7
Armour         | 1 2 |  2.1
Fighting       | 3 |  3.5
Dodging        | 3 |  3.1
Stealth        | |  0.7

Action                   |  1- 3 |  4- 6 || total
-------------------------+-------+-------++-------
Melee: Shortbow          |       |     3 ||     3
 Fire: Shortbow          |   113 |    77 ||   190
  Use: Potion            |       |     1 ||     1
Armor: Leather armour    |    14 |    14 ||    28
Dodge: Dodged            |    26 |    35 ||    61

Table legend: (Time is in decaauts)
 A = Elapsed time spent in this place.
 B = Non-inter-level travel time spent in this place.
 C = Inter-level travel time spent in this place.
 D = Time resting spent in this place.
 E = Time spent auto-exploring this place.
 F = Levels seen in this place.
 G = Mean time per level.
                   A        B        C        D        E       F      G
               +--------+--------+--------+--------+--------+-----+--------+
         Total |   2626 |   2550 |     76 |      0 |   2122 |   4 |  656.5 |
       Dungeon |   2626 |   2550 |     76 |      0 |   2122 |   4 |  656.5 |
               +--------+--------+--------+--------+--------+-----+--------+

Top non-repeatable levels by time:
     D:3: 975 daAuts
     D:1: 813 daAuts
     D:2: 720 daAuts
     D:4: 117 daAuts
